[Event "ICC tourney 1904 (10 3)"]
[Site "Internet Chess Club"]
[Date "2020.07.05"]
[Round "8"]
[White "christopherelam"]
[Black "Ben2008"]
[Result "0-1"]
[ICCResult "White checkmated"]
[WhiteElo "1329"]
[BlackElo "1313"]
[Opening "Queen's pawn, Mason variation"]
[ECO "D00"]
[NIC "QP.08"]
[Time "16:15:21"]
[TimeControl "600+3"]

1. d4 d5 2. Bf4 Nf6 3. e3 c5 4. c3 e6 5. Bd3 Nc6 6. Nd2 Bd6 7. Bg3 O-O 8.
Ngf3 b6 9. Ne5 Bb7 10. Ndf3 Qc7 11. Bc2 Rac8 12. Qd3 Ne7 13. O-O-O Ne4 14.
Nd2 Nf5 15. Nxe4 dxe4 16. Qe2 Nxg3 17. hxg3 g6 18. Nc4 Be7 19. Rh2 cxd4 20.
exd4 Qxc4 21. Qxc4 Rxc4 22. Rdh1 h5 23. g4 hxg4 24. Rh8+ Kg7 25. R8h7+ Kf6
26. R7h4 Kf5 27. f3 Bxh4 28. Rxh4 gxf3 29. gxf3 Kg5 30. Rg4+ Kh5 31. Bxe4 f5
32. Rf4 Kg5 33. Bxf5 gxf5 34. Rg4+ fxg4 35. fxg4 Kxg4 36. b3 Rxc3+ 37. Kb1
Be4+ 38. Kb2 Rc2+ 39. Ka3 Bc6 40. b4 Rf3# {White checkmated} 0-1

[Event "ICC tourney 1904 (10 3)"]
[Site "Internet Chess Club"]
[Date "2020.07.05"]
[Round "8"]
[White "DankMemer"]
[Black "BobbyFissure"]
[Result "0-1"]
[ICCResult "White checkmated"]
[WhiteElo "1104"]
[BlackElo "1393"]
[Opening "Queen's pawn: London system"]
[ECO "A45"]
[NIC "QP.05"]
[Time "16:15:48"]
[TimeControl "600+3"]

1. d4 Nf6 2. Bf4 e6 3. Nf3 d5 4. e3 Bd6 5. Bg3 Bxg3 6. hxg3 Nc6 7. c3 Qd6 8.
Nbd2 Bd7 9. Qb3 O-O-O 10. a4 Rde8 11. Be2 e5 12. dxe5 Nxe5 13. O-O Qb6 14.
Qc2 Neg4 15. b4 h6 16. Rfb1 Nxe3 17. fxe3 Qxe3+ 18. Kh2 Qxe2 19. Re1 Qa6 20.
b5 Qd6 21. Reb1 Ng4+ 22. Kg1 Qxg3 23. a5 Ne3 24. Qb3 Qxg2# {White
checkmated} 0-1

[Event "ICC tourney 1904 (10 3)"]
[Site "Internet Chess Club"]
[Date "2020.07.05"]
[Round "8"]
[White "blackmanrook"]
[Black "mrneale"]
[Result "1-0"]
[ICCResult "Black checkmated"]
[WhiteElo "1635"]
[BlackElo "1310"]
[Opening "King's pawn opening"]
[ECO "B07"]
[NIC "VO.17"]
[Time "16:15:29"]
[TimeControl "600+3"]

1. e4 d6 2. f4 Nd7 3. h4 e5 4. f5 Ngf6 5. g4 Nxe4 6. d3 Ng3 7. Rh3 Nxf1 8.
Kxf1 Nf6 9. Nc3 Be7 10. g5 Ng8 11. Rf3 f6 12. Nh3 fxg5 13. hxg5 b6 14. Bd2
Bb7 15. f6 gxf6 16. Rf5 fxg5 17. Qh5+ Kd7 18. Nxg5 Qe8 19. Nf7 Nf6 20. Qh3
Ke6 21. Ng5+ Kd7 22. Rxf6+ Kd8 23. Nf7+ Qxf7 24. Rxf7 Bc8 25. Qh6 Ke8 26.
Rxe7+ Kxe7 27. Qg7+ Ke6 28. Qxh8 Bb7 29. Qg7 Re8 30. Ke2 Re7 31. Qg4+ Kf6
32. Rf1+ Bf3+ 33. Rxf3# {Black checkmated} 1-0

[Event "ICC tourney 1904 (10 3)"]
[Site "Internet Chess Club"]
[Date "2020.07.05"]
[Round "8"]
[White "MonkeyTown"]
[Black "atippa"]
[Result "1/2-1/2"]
[ICCResult "Game drawn by mutual agreement"]
[WhiteElo "1356"]
[BlackElo "1379"]
[Opening "Four knights: Scotch, 4...exd4"]
[ECO "C47"]
[NIC "KP.06"]
[Time "16:14:57"]
[TimeControl "600+3"]

1. e4 e5 2. Nf3 Nc6 3. Nc3 Nf6 4. d4 exd4 5. Nxd4 Bb4 6. Nxc6 bxc6 7. Bd3
O-O 8. O-O Re8 9. Qf3 Bxc3 10. bxc3 d6 11. Bg5 h6 12. Bh4 d5 13. Rfe1 Qd6
14. Bxf6 Qxf6 15. Qxf6 gxf6 16. exd5 Rxe1+ 17. Rxe1 cxd5 18. Re7 Be6 19.
Rxc7 a5 20. a4 Rc8 21. Rxc8+ Bxc8 22. Kf1 Bd7 23. Bb5 Bf5 24. Ke1 Bxc2 25.
Kd2 Bb3 26. Kd3 Kf8 27. Kd4 {Game drawn by mutual agreement} 1/2-1/2

[Event "ICC tourney 1904 (10 3)"]
[Site "Internet Chess Club"]
[Date "2020.07.05"]
[Round "8"]
[White "CheddarCheng1"]
[Black "PawnPower17"]
[Result "0-1"]
[ICCResult "White resigns"]
[WhiteElo "1334"]
[BlackElo "1388"]
[Opening "Pirc: Ufimtsev-Pytel variation"]
[ECO "B07"]
[NIC "PU.08"]
[Time "16:15:10"]
[TimeControl "600+3"]

1. e4 d6 2. d4 Nf6 3. Nc3 c6 4. Nf3 Bg4 5. Be2 e6 6. h3 Bh5 7. Bg5 Be7 8.
O-O d5 9. e5 Nfd7 10. Bxe7 Qxe7 11. a3 O-O 12. Nd2 Bg6 13. f4 c5 14. Nb3
cxd4 15. Nxd4 Nc6 16. Kh1 a6 17. f5 exf5 18. Nxf5 Bxf5 19. Rxf5 d4 20. Nd5
Qe6 21. Nc7 Qxf5 22. Nxa8 Rxa8 23. Bg4 Qxe5 24. Bxd7 Rd8 25. Bxc6 bxc6 26.
Qd3 Qb5 27. b4 Qxd3 28. cxd3 f6 29. Rc1 Rd6 30. Rc4 Kf7 31. Kh2 Ke6 32. Kg3
Kd7 33. Kf4 Rd5 34. Ke4 f5+ 35. Kf4 Kd6 36. a4 h6 37. h4 Kd7 38. g4 fxg4 39.
Kxg4 g6 40. Kf4 Kd6 41. Ke4 g5 42. hxg5 hxg5 43. Rxd4 Rxd4+ 44. Kxd4 g4 45.
Ke4 g3 46. Kf3 Kd5 47. Kxg3 Kd4 48. b5 cxb5 {White resigns} 0-1

[Event "ICC tourney 1904 (10 3)"]
[Site "Internet Chess Club"]
[Date "2020.07.05"]
[Round "8"]
[White "Benranger2011"]
[Black "JGroder"]
[Result "1-0"]
[ICCResult "Black checkmated"]
[WhiteElo "1493"]
[BlackElo "1453"]
[Opening "King's Indian: 3.g3"]
[ECO "E60"]
[NIC "KI.80"]
[Time "16:15:23"]
[TimeControl "600+3"]

1. d4 Nf6 2. c4 g6 3. g3 Bg7 4. Bg2 O-O 5. e4 d6 6. Ne2 c5 7. Nbc3 cxd4 8.
Nxd4 Nc6 9. Nxc6 bxc6 10. O-O Bb7 11. Re1 e6 12. Bf4 d5 13. Be5 Nxe4 14.
Bxg7 Kxg7 15. Bxe4 dxe4 16. Nxe4 Qe7 17. c5 Rfd8 18. Nd6 Rab8 19. Qa4 Rxd6
20. cxd6 Qxd6 21. Rad1 Qe7 22. Qxa7 Ra8 23. Qb6 Rxa2 24. Ra1 Rxa1 25. Rxa1
Qd7 26. Qb3 Bc8 27. Qc3+ Kg8 28. b4 h5 29. h4 c5 30. Qxc5 Bb7 31. b5 Qd3 32.
Kh2 Qf3 33. Rg1 e5 34. b6 Qf6 35. Qe3 Qc6 36. f3 Qc2+ 37. Rg2 Qc6 38. Rd2
Kh7 39. Qb3 Kg7 40. Rd3 e4 41. Qb2+ f6 42. Rc3 Qd5 43. Rc7+ Kh6 44. Qxf6
Qd2+ 45. Kh3 Bc8+ 46. Rxc8 Qd7+ 47. g4 hxg4+ 48. Kg3 Qxc8 49. Qf4+ Kh7 50.
Qc7+ Qxc7+ 51. bxc7 exf3 52. c8=Q f2 53. Kxf2 g3+ 54. Kxg3 Kh6 55. Kg4 Kh7
56. h5 gxh5+ 57. Kg5 Kg7 58. Qd7+ Kh8 59. Kg6 h4 60. Qe8# {Black checkmated}
1-0

[Event "ICC tourney 1904 (10 3)"]
[Site "Internet Chess Club"]
[Date "2020.07.05"]
[Round "8"]
[White "TheOrcaPro"]
[Black "Harbingerman"]
[Result "1-0"]
[ICCResult "Black resigns"]
[WhiteElo "1441"]
[BlackElo "939"]
[Opening "Caro-Kann: advance variation"]
[ECO "B12"]
[NIC "CK.04"]
[Time "16:14:57"]
[TimeControl "600+3"]

1. e4 c6 2. d4 d5 3. e5 Bf5 4. Bd3 Bxd3 5. Qxd3 e6 6. f4 c5 7. Nf3 c4 8. Qd1
b5 9. Nc3 Bb4 10. Bd2 Qb6 11. O-O Nh6 12. Nxd5 Qa5 13. Nxb4 Qb6 14. Kh1 Nf5
15. c3 Nc6 16. Nxc6 Qxc6 17. Qe2 Ne7 18. Ne1 Nd5 19. Qf3 Kd7 20. Nc2 Qc7 21.
a3 a5 22. a4 Rab8 23. axb5 Rxb5 24. Bc1 Rb3 25. Ne3 Nxc3 26. bxc3 Rxc3 27.
Bd2 Rd3 28. Bxa5 Qc6 29. Qxc6+ Kxc6 30. Nc2 Rb8 31. Nb4+ {Black resigns} 1-0

[Event "ICC tourney 1904 (10 3)"]
[Site "Internet Chess Club"]
[Date "2020.07.05"]
[Round "8"]
[White "hanslaw"]
[Black "poohfur"]
[Result "1/2-1/2"]
[ICCResult "Game drawn by repetition"]
[WhiteElo "1226"]
[BlackElo "1267"]
[Opening "Giuoco Piano: Aitken variation"]
[ECO "C54"]
[NIC "IG.02"]
[Time "16:15:48"]
[TimeControl "600+3"]

1. e4 e5 2. Nf3 Nc6 3. Bc4 Bc5 4. c3 Nf6 5. d4 exd4 6. cxd4 Bb4+ 7. Nc3 Nxe4
8. O-O Nxc3 9. bxc3 Bxc3 10. Ba3 d6 11. Rc1 Ba5 12. Qa4 O-O 13. d5 Bb6 14.
dxc6 Qf6 15. cxb7 Bxb7 16. Qc2 Bxf3 17. gxf3 Qxf3 18. Bb2 Qg4+ 19. Kh1 Qf3+
20. Kg1 Qg4+ 21. Kh1 Qf3+ 22. Kg1 Qg4+ 23. Kh1 Qf3+ 24. Kg1 Qg4+ 25. Kh1
Qf3+ 26. Kg1 Qg4+ 27. Kh1 Qf3+ 28. Kg1 {Game drawn by repetition} 1/2-1/2

[Event "ICC tourney 1904 (10 3)"]
[Site "Internet Chess Club"]
[Date "2020.07.05"]
[Round "8"]
[White "squaling"]
[Black "ivo20"]
[Result "1/2-1/2"]
[ICCResult "Game drawn by repetition"]
[WhiteElo "1105"]
[BlackElo "1163"]
[Opening "Scotch gambit"]
[ECO "C44"]
[NIC "SO.06"]
[Time "16:16:08"]
[TimeControl "600+3"]

1. e4 e5 2. Nf3 Nc6 3. d4 exd4 4. Bc4 Qe7 5. O-O d6 6. Nxd4 Nxd4 7. Qxd4 c5
8. Qd5 Be6 9. Bb5+ Bd7 10. Qxb7 Rd8 11. Bxd7+ Rxd7 12. Qc8+ Qd8 13. Qxd8+
Rxd8 14. Re1 Be7 15. Nc3 Nf6 16. e5 dxe5 17. Rxe5 Kf8 18. Bg5 h6 19. Bxf6
Bxf6 20. Rxc5 g6 21. Nd5 Kg7 22. Nxf6 Kxf6 23. Rc6+ Kg7 24. Rc7 Rhe8 25.
Rxa7 Re2 26. Rc1 Rdd2 27. Rf1 Rxc2 28. Rb7 Rxb2 29. Rxb2 Rxb2 30. Ra1 Kf8
31. a4 Ke8 32. a5 Rb8 33. a6 Ra8 34. Kf1 Kd8 35. Ke2 Kc7 36. Ke3 Kb6 37. Ke4
Ka7 38. Ke5 Rb8 39. Kf6 Rb2 40. Rf1 Kxa6 41. Kxf7 Rb6 42. f4 Kb7 43. f5 gxf5
44. Rxf5 Rb2 45. Rh5 Rxg2 46. Rxh6 Kc7 47. h4 Kd7 48. Rh8 Rf2+ 49. Kg6 Ke7
50. h5 Ke6 51. h6 Rg2+ 52. Kh5 Kf7 53. h7 Rh2+ 54. Kg5 Kg7 55. Ra8 Rxh7 56.
Ra7+ Kg8 57. Ra8+ Kg7 58. Ra7+ Kg8 59. Ra6 Rb7 60. Kg6 Kf8 61. Kf6 Ke8 62.
Ke6 Kf8 63. Kf6 Ke8 64. Ke6 Kf8 65. Ra8+ Kg7 66. Ra5 Rb1 67. Rg5+ Kh6 68.
Rg2 Re1+ 69. Kf6 Rf1+ 70. Ke6 Re1+ 71. Kf5 Rf1+ 72. Ke4 Re1+ 73. Kf3 Ra1 74.
Rh2+ Kg5 75. Rg2+ Kf5 76. Rb2 Ra3+ 77. Ke2 Ke4 78. Rb4+ Kd5 79. Rb5+ Kc4 80.
Rb8 Rh3 81. Rc8+ Kd4 82. Rd8+ Ke4 83. Re8+ Kd4 84. Rd8+ Ke4 85. Re8+ Kd4 86.
Rd8+ Ke4 87. Re8+ {Game drawn by repetition} 1/2-1/2

[Event "ICC tourney 1904 (10 3)"]
[Site "Internet Chess Club"]
[Date "2020.07.05"]
[Round "8"]
[White "DrKnight01"]
[Black "mathewjiang"]
[Result "1/2-1/2"]
[ICCResult "Game drawn by repetition"]
[WhiteElo "1250"]
[BlackElo "1142"]
[Opening "Scandinavian (center counter) defense"]
[ECO "B01"]
[NIC "VO.17"]
[Time "16:15:48"]
[TimeControl "600+3"]

1. e4 d5 2. e5 Bf5 3. d4 e6 4. Nf3 c5 5. Be3 c4 6. b3 b5 7. c3 Nc6 8. bxc4
bxc4 9. Qa4 Qb6 10. Qd1 Qb2 11. Nbd2 Qxc3 12. Be2 Nb4 13. O-O Nc2 14. Rc1
Nxe3 15. fxe3 Qxe3+ 16. Kh1 Qa3 17. Nh4 Bg6 18. Nxg6 hxg6 19. Rf3 Qa5 20.
Rc2 Bb4 21. Nb1 Ne7 22. a3 Nf5 23. axb4 Qxb4 24. Rcc3 Rb8 25. Nd2 Nxd4 26.
Rfe3 Nf5 27. Rf3 Nd4 28. Rfe3 Nf5 29. Rf3 Nd4 30. Rfe3 Nf5 31. Rf3 Nd4 32.
Rfe3 {Game drawn by repetition} 1/2-1/2

[Event "ICC tourney 1904 (10 3)"]
[Site "Internet Chess Club"]
[Date "2020.07.05"]
[Round "8"]
[White "MagnumPI"]
[Black "knighthawkmill"]
[Result "0-1"]
[ICCResult "White resigns"]
[WhiteElo "1271"]
[BlackElo "1481"]
[Opening "Budapest defense declined"]
[ECO "A51"]
[NIC "QG.01"]
[Time "16:15:16"]
[TimeControl "600+3"]

1. d4 Nf6 2. c4 e5 3. Bg5 exd4 4. Qxd4 Nc6 5. Qh4 Qe7 6. Bxf6 gxf6 7. Qg3
Qb4+ 8. Qc3 Nd4 9. Na3 Qxc3+ 10. bxc3 Bxa3 11. cxd4 Bb2 12. Rb1 Bc3+ 13. Kd1
Bxd4 14. e3 Bc5 15. Nf3 d6 16. Bd3 Bg4 17. Rxb7 O-O-O 18. Rb3 d5 19. Ke2
dxc4 20. Bxc4 Be6 21. Bxe6+ fxe6 22. Rhb1 Bb6 23. a4 a5 24. g3 Rd6 25. Nd4
Rhd8 26. R1b2 Kd7 27. h4 Ke7 28. f4 Bxd4 29. exd4 Rxd4 30. Rb7 R8d7 31. Ra2
Rb4 32. Rxb4 axb4 33. Rb2 c5 34. Ke3 Ra7 35. Rc2 Kd6 36. Ra2 Kd5 37. g4 Kc4
38. Kd2 b3 39. Rb2 Kb4 40. g5 fxg5 41. fxg5 Rxa4 42. h5 c4 43. g6 hxg6 44.
hxg6 c3+ {White resigns} 0-1

[Event "ICC tourney 1904 (10 3)"]
[Site "Internet Chess Club"]
[Date "2020.07.05"]
[Round "8"]
[White "clair"]
[Black "Knightboy123"]
[Result "0-1"]
[ICCResult "White resigns"]
[WhiteElo "1296"]
[BlackElo "1312"]
[Opening "Queen's pawn: London system"]
[ECO "A45"]
[NIC "QP.07"]
[Time "16:15:35"]
[TimeControl "600+3"]

1. d4 Nf6 2. Bf4 d5 3. e3 Bf5 4. c4 Bxb1 5. Qxb1 e6 6. Nf3 Bb4+ 7. Nd2 Ne4
8. Bd3 Nxd2 9. Qc2 Nb3+ 10. Ke2 Nxa1 11. Rxa1 c6 12. cxd5 cxd5 13. Bxb8 Rxb8
14. Qa4+ Ke7 15. Qxb4+ Qd6 16. Qxd6+ Kxd6 17. Rc1 Rbc8 18. Rc2 Rxc2+ 19.
Bxc2 Rc8 20. Kd3 f5 21. f4 g5 22. g3 g4 23. a3 Rg8 24. b4 b5 25. a4 a6 26.
axb5 axb5 27. Ke2 h5 28. Bd3 Kc6 29. Kf2 Ra8 30. Bf1 Ra2+ 31. Kg1 Rb2 32. h3
Rxb4 33. hxg4 hxg4 34. Kf2 Rb1 35. Bd3 Rb2+ 36. Kg1 b4 37. Ba6 Rb1+ 38. Kf2
b3 39. Bc8 Kd6 40. Ba6 b2 41. Bd3 Rd1 42. Ke2 Rxd3 43. Kxd3 b1=Q+ 44. Kd2
Qg1 {White resigns} 0-1

[Event "ICC tourney 1904 (10 3)"]
[Site "Internet Chess Club"]
[Date "2020.07.05"]
[Round "8"]
[White "aquilesboy"]
[Black "wildrumpus"]
[Result "1-0"]
[ICCResult "Black checkmated"]
[WhiteElo "1403"]
[BlackElo "1280"]
[Opening "English, 1...Nf6 (Anglo-Indian defense)"]
[ECO "A15"]
[NIC "EO.64"]
[Time "16:15:48"]
[TimeControl "600+3"]

1. c4 Nf6 2. e3 b6 3. Nf3 Bb7 4. d4 e6 5. Be2 Bb4+ 6. Bd2 Bxd2+ 7. Nbxd2 O-O
8. O-O d6 9. Rc1 Nbd7 10. b4 c5 11. bxc5 dxc5 12. Nb3 cxd4 13. exd4 Rc8 14.
Re1 Qe7 15. Bd3 Qa3 16. Qe2 Bxf3 17. Qxf3 Qxa2 18. Ra1 Qb2 19. Reb1 Qc3 20.
Bxh7+ Nxh7 21. Qxc3 b5 22. Rxa7 Rxc4 23. Qa5 Nhf6 24. Qxb5 Rxd4 25. Nxd4 Rb8
26. Qxb8+ Nxb8 27. Rxb8+ Kh7 28. Rxf7 Kg6 29. Rbb7 Ne8 30. Nxe6 Nd6 31.
Rxg7+ Kf5 32. Nd4+ Ke5 33. Nf3+ Ke4 34. Rge7+ Kf4 35. Rb6 Nf5 36. Rf7 Kg4
37. h3+ Kf4 38. Rb4# {Black checkmated} 1-0

[Event "ICC tourney 1904 (10 3)"]
[Site "Internet Chess Club"]
[Date "2020.07.05"]
[Round "8"]
[White "ChessMonkey123"]
[Black "Xqpnc28"]
[Result "1/2-1/2"]
[ICCResult "Game drawn by mutual agreement"]
[WhiteElo "1346"]
[BlackElo "1177"]
[Opening "Sicilian defense"]
[ECO "B44"]
[NIC "SI.39"]
[Time "16:15:28"]
[TimeControl "600+3"]

1. e4 c5 2. Nf3 e6 3. d4 cxd4 4. Nxd4 Nc6 5. Be3 Qc7 6. Nb5 Qa5+ 7. N1c3 a6
8. Nd6+ Bxd6 9. Qxd6 Nf6 10. f3 Qb4 11. Qxb4 Nxb4 12. Bd3 Nxd3+ 13. cxd3 O-O
14. O-O d5 15. d4 b5 16. a3 dxe4 17. fxe4 Bb7 18. e5 Nd5 19. Nxd5 Bxd5 20.
Rf4 Rfc8 21. Rg4 a5 22. Bh6 g6 23. h4 Rc2 24. Rf1 Rxb2 25. Rgf4 Ra7 26. R1f2
Rxf2 27. Rxf2 b4 28. axb4 axb4 29. Rc2 Ra8 30. g4 b3 31. Rb2 Ra1+ 32. Kf2
Ra2 33. Bc1 Kf8 34. Ke3 Ke7 35. g5 Kd7 36. Kd3 Kc6 37. Kc3 Kb5 38. Rxa2 bxa2
39. Bb2 Ka4 40. Ba1 {Game drawn by mutual agreement} 1/2-1/2

[Event "ICC tourney 1904 (10 3)"]
[Site "Internet Chess Club"]
[Date "2020.07.05"]
[Round "8"]
[White "Jeffchess"]
[Black "SuperBlueSky"]
[Result "0-1"]
[ICCResult "White checkmated"]
[WhiteElo "1313"]
[BlackElo "1313"]
[Opening "Giuoco Piano: four knights variation"]
[ECO "C47"]
[NIC "KP.06"]
[Time "16:14:59"]
[TimeControl "600+3"]

1. e4 e5 2. Nf3 Nc6 3. Nc3 Nf6 4. Bc4 Bc5 5. Bxf7+ Kxf7 6. Nxe5+ Nxe5 7. d4
d6 8. f4 Bb4 9. fxe5 dxe5 10. O-O Bxc3 11. bxc3 Re8 12. d5 Kg8 13. Bg5 Rf8
14. Qe2 Qd6 15. Bxf6 Rxf6 16. Rxf6 Qxf6 17. Rf1 Qg6 18. Kh1 Bd7 19. Qc4 Qd6
20. Rb1 b6 21. Rf1 a6 22. h3 Bb5 23. Qb3 Bxf1 24. Qb1 Rf8 25. Qe1 Qc5 26.
Qg3 Qf2 27. Qg4 Qxg2+ 28. Qxg2 Bxg2+ 29. Kxg2 Rf4 30. Kg3 Rxe4 31. Kf3 Rc4
32. Ke3 Rxc3+ 33. Ke4 Rxh3 34. Kxe5 Rh2 35. Ke6 Rxc2 36. Kd7 Rxa2 37. Kxc7
Rd2 38. Kd6 h5 39. Ke6 h4 40. d6 h3 41. d7 Rxd7 42. Kxd7 h2 43. Kc6 h1=Q+
44. Kxb6 Qd5 45. Kxa6 Kf7 46. Kb6 Ke7 47. Ka7 Qb3 48. Ka6 Kd6 49. Ka5 Kc6
50. Ka6 Qb6# {White checkmated} 0-1

[Event "ICC tourney 1904 (10 3)"]
[Site "Internet Chess Club"]
[Date "2020.07.05"]
[Round "8"]
[White "NamanSingh283"]
[Black "kralj8"]
[Result "1-0"]
[ICCResult "Black forfeits on time"]
[WhiteElo "1831"]
[BlackElo "1603"]
[Opening "Queen's gambit declined"]
[ECO "D30"]
[NIC "QP.08"]
[Time "16:15:01"]
[TimeControl "600+3"]

1. d4 d5 2. c4 e6 3. Nf3 Nf6 4. g3 b6 5. Bg2 Bb7 6. O-O Be7 7. Ne5 Nbd7 8.
Qa4 O-O 9. cxd5 exd5 10. Nc3 Nxe5 11. dxe5 Nd7 12. Nxd5 Nc5 13. Qg4 Bxd5 14.
Bh6 g6 15. Bxf8 Bxg2 16. Bxe7 Qxe7 17. Kxg2 Qxe5 18. b4 Ne6 19. Rad1 h5 20.
Qc4 c5 21. f4 Qc7 22. f5 gxf5 23. Rxf5 Ng7 24. Rfd5 Qc6 25. bxc5 Rd8 26. e4
Rxd5 27. exd5 {Black forfeits on time} 1-0

[Event "ICC tourney 1904 (10 3)"]
[Site "Internet Chess Club"]
[Date "2020.07.05"]
[Round "8"]
[White "CastledQueen"]
[Black "HenriVZ"]
[Result "0-1"]
[ICCResult "White resigns"]
[WhiteElo "1482"]
[BlackElo "1467"]
[Opening "Danish gambit: Sorensen defense"]
[ECO "C21"]
[NIC "KP.04"]
[Time "16:15:30"]
[TimeControl "600+3"]

1. e4 e5 2. d4 exd4 3. c3 d5 4. e5 c5 5. Nf3 Nc6 6. c4 Nge7 7. a3 h6 8. Bd3
Be6 9. cxd5 Nxd5 10. Qe2 Be7 11. O-O O-O 12. Bxh6 gxh6 13. Qe4 f5 14. exf6
Rxf6 15. Qh7+ Kf8 16. Nh4 Ke8 17. Nd2 Kd7 18. Ne4 Rf7 19. Qxh6 Qh8 20. Qd2
Qxh4 21. Rae1 Rh8 22. h3 Bxh3 23. Ng3 Bxg2 24. Rxe7+ Ndxe7 25. f4 Qh2+ 26.
Kf2 Bxf1+ 27. Ke1 Qxg3+ 28. Kxf1 {White resigns} 0-1

[Event "ICC tourney 1904 (10 3)"]
[Site "Internet Chess Club"]
[Date "2020.07.05"]
[Round "8"]
[White "gardemarin13"]
[Black "albli"]
[Result "1-0"]
[ICCResult "Black resigns"]
[WhiteElo "1744"]
[BlackElo "1547"]
[Opening "Sicilian: closed"]
[ECO "B23"]
[NIC "SI.44"]
[Time "16:15:23"]
[TimeControl "600+3"]

1. e4 c5 2. Nc3 e6 3. f4 a6 4. Nf3 Qc7 5. d3 b5 6. g3 Bb7 7. Bg2 d6 8. O-O
Nf6 9. f5 exf5 10. exf5 Be7 11. Qe2 O-O 12. Ng5 h6 13. Nge4 Nxe4 14. Nxe4 f6
15. Qg4 d5 16. Bxh6 Bd8 17. Bf4 Qd7 18. Nd6 Bc6 19. c4 bxc4 20. dxc4 d4 21.
Ne4 Re8 22. Nxc5 Qa7 23. Ne6 d3+ 24. Kh1 Bxg2+ 25. Kxg2 Qb7+ 26. Kg1 Bb6+
27. Rf2 Bxf2+ 28. Kxf2 Qxb2+ 29. Ke3 Rxe6+ 30. fxe6 Qxa1 31. Qf3 Qg1+ 32.
Kxd3 Qa7 33. Qd5 Nc6 34. e7+ Kh7 35. Qh5+ Kg8 36. e8=Q+ Rxe8 37. Qxe8+
{Black resigns}
1-0

[Event "ICC tourney 1904 (10 3)"]
[Site "Internet Chess Club"]
[Date "2020.07.05"]
[Round "8"]
[White "Chessmasterrus"]
[Black "andrewhzhang"]
[Result "0-1"]
[ICCResult "White resigns"]
[WhiteElo "1515"]
[BlackElo "1591"]
[Opening "Four knights: Spanish, classical defense"]
[ECO "C48"]
[NIC "KP.03"]
[Time "16:15:13"]
[TimeControl "600+3"]

1. e4 e5 2. Nf3 Nc6 3. Nc3 Nf6 4. Bb5 Bc5 5. O-O O-O 6. d3 Re8 7. Bg5 h6 8.
Bxf6 Qxf6 9. Nd5 Qd8 10. c3 Bb6 11. h3 d6 12. a4 a6 13. Bc4 Ba7 14. b4 Be6
15. Qb3 Qd7 16. Kh2 Rab8 17. a5 Ne7 18. d4 Bxd5 19. Bxd5 Nxd5 20. Qxd5 c6
21. Qb3 exd4 22. cxd4 Rxe4 23. Rad1 d5 24. g3 Rbe8 25. Qd3 Bb8 26. Kg2 Bd6
27. Rb1 Qe7 28. Qc3 Re2 29. Rfe1 Re4 30. Rxe4 dxe4 31. Nd2 Qg5 32. Re1 e3
33. Nf3 Qb5 34. Rxe3 Rxe3 35. Qxe3 Qxb4 36. Nh4 Qxa5 37. Qe8+ Bf8 38. g4
Qd5+ 39. f3 Qe6 40. Qa8 Qe2+ 41. Kg1 Qe1+ 42. Kg2 Qxh4 43. Qxb7 c5 44. Qxa6
cxd4 45. Qc4 Qf6 46. Qd5 Qd6 47. Qxd6 Bxd6 48. Kf2 Bf4 49. Ke2 Be3 50. Kd3
f6 51. f4 Kf7 52. f5 Ke7 53. Ke4 Kd6 54. Kd3 Kd5 55. h4 Bf4 56. Ke2 Ke4 57.
Kf2 d3 58. Ke1 Bg3+ 59. Kd2 Bxh4 60. Kc3 Bg5 {White resigns} 0-1

[Event "ICC tourney 1904 (10 3)"]
[Site "Internet Chess Club"]
[Date "2020.07.05"]
[Round "8"]
[White "wolfemonster"]
[Black "hursha6b5"]
[Result "0-1"]
[ICCResult "White resigns"]
[WhiteElo "1488"]
[BlackElo "1669"]
[Opening "Catalan: open, 5.Nf3"]
[ECO "E04"]
[NIC "CA.03"]
[Time "16:15:21"]
[TimeControl "600+3"]

1. d4 d5 2. c4 e6 3. Nf3 Nf6 4. g3 dxc4 5. Bg2 c5 6. Qa4+ Nc6 7. dxc5 Bxc5
8. Qxc4 Bb6 9. O-O O-O 10. Nc3 Qe7 11. Bg5 h6 12. Bxf6 Qxf6 13. Rfd1 Bc7 14.
Nd4 Bb6 15. Ne4 Qe5 16. Nxc6 bxc6 17. Qxc6 Ba6 18. e3 Qxb2 19. Nd6 Rad8 20.
Nc4 Rxd1+ 21. Rxd1 Qc2 22. Nb2 Qxb2 23. Qa4 Qb5 24. Qf4 Qf5 25. Qa4 Be2 26.
Rc1 Bf3 27. Qb4 Bxg2 28. Kxg2 Qd5+ 29. Kg1 Rd8 {White resigns} 0-1

[Event "ICC tourney 1904 (10 3)"]
[Site "Internet Chess Club"]
[Date "2020.07.05"]
[Round "8"]
[White "Nacaroa-Dan"]
[Black "Aidenrchess"]
[Result "1-0"]
[ICCResult "Black checkmated"]
[WhiteElo "1501"]
[BlackElo "1424"]
[Opening "Sicilian: Grand Prix attack"]
[ECO "B23"]
[NIC "SI.44"]
[Time "16:14:55"]
[TimeControl "600+3"]

1. e4 c5 2. Nc3 Nc6 3. f4 d6 4. Nf3 g6 5. Bb5 Bg7 6. Bxc6+ bxc6 7. O-O Nf6
8. d3 Bb7 9. Qe1 O-O 10. Na4 Nd7 11. Rb1 Nb6 12. Nc3 d5 13. e5 e6 14. Qf2 c4
15. Be3 cxd3 16. cxd3 Re8 17. Bc5 Bf8 18. d4 Nd7 19. b4 a5 20. a3 axb4 21.
axb4 Nb6 22. Ng5 h6 23. Nf3 Nc4 24. Ra1 Bxc5 25. dxc5 Qe7 26. Nd4 Rxa1 27.
Rxa1 Ra8 28. Rxa8+ Bxa8 29. Qa2 Qb7 30. b5 cxb5 31. Ncxb5 Qc8 32. Qa7 Bc6
33. Nd6 Qa8 34. Qxf7+ Kh8 35. Qf6+ Kh7 36. Qe7+ Kh8 37. Nf7+ Kg8 38. Nxh6+
Kh8 39. Nxe6 Qa1+ 40. Kf2 Qb2+ 41. Kg3 Qb7 42. Qf8+ Kh7 43. Ng5#
{Black checkmated}
1-0

[Event "ICC tourney 1904 (10 3)"]
[Site "Internet Chess Club"]
[Date "2020.07.05"]
[Round "8"]
[White "LChessMaster"]
[Black "Mitochondria"]
[Result "1-0"]
[ICCResult "Black resigns"]
[WhiteElo "1518"]
[BlackElo "1216"]
[Opening "Sicilian: Alapin's variation (2.c3)"]
[ECO "B22"]
[NIC "SI.46"]
[Time "16:14:55"]
[TimeControl "600+3"]

1. e4 c5 2. c3 Nc6 3. d4 cxd4 4. cxd4 e6 5. Nf3 Nf6 6. Bd3 Bb4+ 7. Bd2 Bxd2+
8. Qxd2 O-O 9. O-O Qb6 10. Re1 Nxd4 11. Nxd4 d5 12. exd5 Nxd5 13. Na3 Kh8
14. Nb3 a6 15. Rac1 Bd7 16. Nc4 Qd8 17. Ne5 Ba4 18. Nc5 Bb5 19. Bxb5 axb5
20. Nxb7 Qb8 21. Nc5 Qd8 22. a3 Kg8 23. Red1 Qh4 24. Nf3 Qg4 25. h3 Qg6 26.
Qg5 Qxg5 27. Nxg5 Nf4 28. Kf1 h6 29. Nge4 Rfe8 30. Nd6 Red8 31. Nxb5 Nd5 32.
Nc3 Rab8 33. Nxd5 exd5 34. b4 d4 35. Rc4 Ra8 36. a4 d3 37. b5 Rac8 38. b6 d2
39. b7 Rb8 40. a5 Rd6 41. a6 Rxa6 42. Nxa6 Rxb7 43. Rxd2 Rb1+ 44. Ke2 Rg1
45. g3 Rh1 46. h4 g5 47. hxg5 hxg5 48. Rd8+ Kg7 49. Rc5 f6 50. Rd7+ Kg6 51.
Rc6 Ra1 52. Rdd6 Ra2+ 53. Kf1 Ra1+ 54. Kg2 Kh5 55. Rxf6 Ra5 56. Rh6+ Kg4 57.
Rcf6 Rf5 58. Rxf5 Kxf5 59. Nc5 g4 60. Rh5+ Kf6 61. Ne4+ Kg6 62. Rg5+ Kh6 63.
Rxg4 Kh5 64. Rh4+ Kg6 65. f4 Kf5 66. Nd6+ Ke6 67. f5+ Kxd6 68. f6 Ke6 69.
Rf4 Kf7 70. Kh3 Kf8 71. f7 Ke7 72. f8=Q+ Ke6 73. Re4+ Kd5 74. Qf5+ Kd6 75.
Re6+ {Black resigns} 1-0